Map: Site Delta LE

Players

Nitix

  • Race: Zerg Zerg
  • Spawn Location: 5:00

Fjant - Winner!

  • Race: Zerg Zerg
  • League: Master
  • Spawn Location: 11:00

Event: Bellum Gens Elite Stara Zagora 2024

VOD

Have the link to the VOD?

Description

Time

  • Played on: Sept. 6, 2024, 1:57 p.m.
  • Length: 6:39

All games in this series

Show
View Real Time Build Order
Export as new Build Order

Nitix Zerg 

Build Orders: Hatch First 

Get SALT Encoding   

  12  0:01  Drone  
  13  0:11  Overlord  
  13  0:16  Drone  
  14  0:30  Drone x2  
  16  0:47  Hatchery  
  15  0:51  Drone  
  15  0:54  Drone  
  17  0:57  Drone  
  18  1:08  Extractor  
  17  1:14  Spawning Pool  
  17  1:15  Drone  
  17  1:19  Drone  
  18  1:27  Drone  
  19  1:38  Drone  
  20  1:48  Drone  
  21  1:59  Overlord  
  21  2:00  Queen x2  
  21  2:01  Zergling x2  
  26  2:10  Metabolic Boost  
  26  2:12  Drone x2  
  28  2:22  Drone, Zergling x2  
  30  2:34  Hatchery  
  29  2:37  Drone  
  29  2:39  Drone  
  31  2:44  Drone  
  31  2:45  Overlord  
  32  2:51  Baneling Nest  
  32  2:57  Drone x2  
  33  3:05  Drone x2  
  35  3:10  Drone  
  35  3:11  Zergling x6  
  35  3:12  Zergling x2  
  40  3:17  Overlord  
  40  3:23  Drone x2  
  42  3:29  Roach Warren  
  41  3:34  Overlord  
  41  3:44  Baneling  
  40  3:50  Drone x4  
  40  3:51  Drone x2  
  40  3:52  Overlord  
  46  4:00  Drone x3  
  46  4:01  Overlord  
  49  4:04  Extractor  
  49  4:07  Queen  
  49  4:09  Evolution Chamber  
  48  4:20  Zergling x16  
  56  4:27  Baneling x2  
  56  4:35  Zerg Missile Weapons Level 1  
  56  4:37  Extractor  
  54  4:45  Drone x3  
  54  4:46  Drone x5  
  54  4:51  Baneling x2  
  54  4:52  Overlord  
  61  4:53  Lair  
  61  5:02  Baneling  
  61  5:04  Overlord  
  61  5:06  Drone x7  
  61  5:07  Drone  
  67  5:23  Overlord  
  67  5:25  Roach  
  67  5:26  Roach x5  
  79  5:29  Roach x2  
  79  5:33  Spine Crawler  
  79  5:34  Spine Crawler, Roach  
  83  5:41  Roach x3  
  89  5:45  Roach x2  
  90  5:52  Roach x4  
  86  5:57  Zergling x2, Roach x2  
  86  5:58  Zergling x2  
  83  6:10  Roach x4  
  85  6:19  Zergling x2, Roach x2  
Show
View Real Time Build Order
Export as new Build Order

Fjant Zerg - Winner!

Build Orders: Hatch First 

Get SALT Encoding   

  12  0:00  Drone  
  13  0:12  Overlord  
  13  0:18  Drone  
  14  0:31  Drone x2  
  16  0:47  Hatchery  
  15  0:51  Drone  
  17  0:57  Drone  
  17  0:59  Drone  
  18  1:11  Extractor  
  17  1:13  Spawning Pool  
  17  1:16  Drone  
  17  1:19  Drone  
  18  1:28  Drone  
  19  1:39  Drone  
  20  1:57  Drone  
  20  2:00  Queen x2  
  25  2:01  Zergling x2  
  25  2:06  Overlord  
  26  2:10  Drone  
  26  2:13  Drone  
  28  2:17  Metabolic Boost  
  28  2:25  Drone x2  
  30  2:36  Queen  
  32  2:39  Hatchery  
  31  2:46  Drone  
  31  2:47  Overlord  
  32  2:53  Baneling Nest  
  32  2:54  Zergling x2  
  32  2:56  Zergling x2  
  33  3:01  Drone x2  
  35  3:06  Drone x2  
  35  3:11  Drone  
  38  3:16  Drone x2  
  38  3:17  Drone x2  
  42  3:20  Drone  
  42  3:25  Overlord  
  43  3:29  Overlord  
  43  3:36  Baneling  
  43  3:39  Zergling x2  
  44  3:43  Overlord  
  44  3:45  Roach Warren  
  44  3:47  Zergling x6  
  45  3:54  Zergling x10  
  50  3:56  Drone  
  50  3:58  Drone  
  52  4:02  Baneling  
  52  4:03  Baneling  
  52  4:05  Zergling x2  
  53  4:14  Extractor  
  52  4:17  Drone x3  
  54  4:24  Overlord  
  54  4:25  Drone  
  54  4:26  Drone  
  56  4:37  Roach x6  
  68  4:39  Overlord  
  68  4:40  Roach  
  68  4:44  Overlord  
  70  4:46  Roach  
  70  4:48  Drone  
  70  4:49  Drone  
  74  4:54  Roach x2  
  74  4:55  Drone x2, Extractor  
  74  4:56  Drone  
  80  5:01  Roach  
  80  5:07  Drone, Overlord, Evolution Chamber  
  83  5:08  Drone  
  83  5:12  Roach x2  
  79  5:18  Zergling x6, Evolution Chamber  
  79  5:25  Zergling x8  
  81  5:33  Zergling x14  
  87  5:51  Zergling x12  
  90  6:04  Zergling x20  
  93  6:09  Drone  
  93  6:10  Drone  
  100  6:13  Drone  
  97  6:19  Zergling x2  
  97  6:20  Zergling x2  
Tags
 
Add a new tag
Caveats
  • Supply blocks, unpowered buildings, or Contaminate may cause inaccurate times.
  • Supply counts are checked every 10 seconds.